 Dungeon Crawl Stone Soup version 0.22-a0-533-g4d20840 (webtiles) character file.

601 Gildeon the Basher (level 7, -12/41 HPs)
             Began as a Gargoyle Fighter on June 23, 2018.
             Was a Follower of Makhleb.
             Mangled by Duvessa
             ... wielding a +0 rapier
              (15 damage)
             ... on level 4 of the Dungeon.
             The game lasted 00:12:05 (3820 turns).

Gildeon the Basher (Gargoyle Fighter)               Turns: 3820, Time: 00:12:14

Health: -12/41     AC: 13    Str: 20    XL:     7   Next: 41%
Magic:  7/7        EV:  7    Int:  9    God:    Makhleb [*.....]
Gold:   160        SH:  0    Dex: 10    Spells: 6/6 levels left

rFire    . . .     SeeInvis .   a - +0 morningstar
rCold    . . .     Gourm    .   (no shield)
rNeg     + . .     Faith    .   i - +0 chain mail
rPois    ∞         Spirit   .   (no helmet)
rElec    +         Reflect  .   (no cloak)
rCorr    .         Harm     .   (no gloves)
MR       .....                  (no boots)
Stlth    ..........             (no amulet)
HPRegen  0.13/turn              h - ring of fire
MPRegen  0.10/turn              k - ring of ice

@: no status effects
A: negative energy resistance 1, electricity resistance, unbreathing,
petrification resistance, rot immunity, AC +4
a: Renounce Religion


You were on level 4 of the Dungeon.
You worshipped Makhleb.
Makhleb was aware of your devotion.
You were not hungry.

You visited 1 branch of the dungeon, and saw 4 of its levels.

You collected 160 gold pieces.

Inventory:

Hand Weapons
 a - a +0 morningstar (weapon)
 p - a +2 hand axe of holy wrath
Armour
 i - a +0 chain mail (worn)
Jewellery
 h - a ring of fire (left hand)
 k - a ring of ice (right hand)
Wands
 c - a wand of random effects (24)
Scrolls
 b - a scroll of magic mapping
Potions
 e - a potion of brilliance
 g - a potion of cancellation
 m - a potion of ambrosia {unknown}
Comestibles
 f - 6 rations


   Skills:
 - Level 3.2 Fighting
 + Level 8.0 Maces & Flails
 - Level 3.2 Armour
   Level 3.2 Shields


You had 6 spell levels left.
You didn't know any spells.
Your spell library was empty.

Dungeon Overview and Level Annotations

Branches:
Dungeon (4/15)
 Temple: D:4-7

Altars:
Fedhas
Makhleb
Trog
Uskayaw

Annotations:
D:2 exclusion: oklob plant
D:4 Duvessa


Innate Abilities, Weirdness & Mutations

You are resistant to torment.
Your stone body is resilient. (AC +4)
You are immune to poison.
You resist negative energy. (rN+)
You are resistant to electric shocks. (rElec)
You can survive without breathing.
You are immune to petrification.
You are immune to rotting.


Message History

You turn into a tree.
Your +0 chain mail melds into your body.
Your roots penetrate the ground.
Duvessa hits you but does no damage. x2
You thump Duvessa!
Duvessa is moderately wounded.
Duvessa hits you but does no damage.
You barely miss Duvessa.
Duvessa is moderately wounded.
Duvessa hits you with a rapier.
* * * LOW HITPOINT WARNING * * *
Duvessa hits you with a rapier!
* * * LOW HITPOINT WARNING * * *
It was a potion of cancellation.
Your magical effects are unravelling.
You feel magically purged.
You feel less wooden.
Your +0 chain mail unmelds from your body.
You are no longer glowing.
Duvessa hits you with a rapier!
You die...

##### #...#
#.#.## #.#..#
#.#.## #.#e.#
#.#@##
##########.#).#
#..........#.#.#
########
#.....######.###
#.......
#>.........#..
#.......
#..))......##.
#.......
#.....##.#####
#######.
#.....##.# #.#
##### ##
########.# #.#
#...# #


You could see Duvessa (berserk).

Vanquished Creatures
  An ogre (D:4)
  Dowan (D:4)
  2 howler monkeys
  2 hounds (D:4)
  3 orc wizards (D:4)
  A bullfrog skeleton (D:4)
  An iguana (D:4)
  4 gnolls (D:4)
  7 adders
  2 adder skeletons (D:4)
  2 worms
  2 dart slugs
  2 leopard geckos (D:2)
  12 orcs
  6 bats
  3 giant cockroaches
  3 goblins
  5 hobgoblins
  2 jackals (D:1)
  A quokka (D:4)
  6 frilled lizards
  8 kobolds
  5 rats
81 creatures vanquished.

Notes
Turn   | Place    | Note
-------+----------+-------------------------------------------
     0 | D:1      | Gildeon the Gargoyle Fighter began the quest for the Orb.
     0 | D:1      | Reached XP level 1. HP: 14/14 MP: 1/1
   157 | D:1      | Reached XP level 2. HP: 18/19 MP: 2/2
   221 | D:1      | Reached skill level 3 in Maces & Flails
   759 | D:2      | Reached XP level 3. HP: 23/23 MP: 3/3
   947 | D:2      | Reached skill level 4 in Maces & Flails
  1045 | D:2      | Reached XP level 4. HP: 25/28 MP: 4/4
  1186 | D:2      | Found a burning altar of Makhleb.
  1186 | D:2      | Found a hide-covered altar of Uskayaw.
  1190 | D:2      | Became a worshipper of Makhleb the Destroyer
  1255 | D:2      | Found a blossoming altar of Fedhas.
  1277 | D:2      | Noticed an oklob plant
  1410 | D:2      | Reached skill level 5 in Maces & Flails
  1410 | D:2      | Reached XP level 5. HP: 27/32 MP: 5/5
  1643 | D:3      | Found a bloodstained altar of Trog.
  2469 | D:4      | Noticed an ogre
  2486 | D:4      | Reached skill level 6 in Maces & Flails
  2490 | D:4      | HP: 1/48 [ogre/giant club (2)]
  2492 | D:4      | Killed an ogre
  2492 | D:4      | Reached XP level 6. HP: 2/37 MP: 6/6
  2808 | D:4      | Reached * piety under Makhleb
  2977 | D:4      | Reached skill level 7 in Maces & Flails
  3376 | D:4      | Reached XP level 7. HP: 36/41 MP: 7/7
  3796 | D:4      | Noticed Duvessa
  3798 | D:4      | Noticed Dowan
  3811 | D:4      | Killed Dowan
  3811 | D:4      | Reached skill level 8 in Maces & Flails
  3820 | D:4      | Mangled by Duvessa

Vault maps used:
D:1:      onia_arrival_pyramid, st_stairs_14, hangedman_decor_push,
          hangedman_abyss_or_decor_lesser_grid
D:2:      gammafunk_temple_overflow_wave, tgw_fedhas
D:3:      hex_medium, bloody_trog
D:4:      first_ration, minmay_small_thing, uniq_duvessa

Skill      XL: |  1  2  3  4  5  6  7 |
---------------+----------------------+-----
Maces & Flails | 3 4 5 6 7 8 |  8.0
Fighting       | |  3.2
Armour         | |  3.2
Shields        | |  3.2

Action                   |  1- 3 |  4- 6 |  7- 9 || total
-------------------------+-------+-------+-------++-------
Melee: Flail             |   116 |   148 |       ||   264
       Morningstar       |       |    71 |    32 ||   103
  Use: Scroll            |     3 |     7 |       ||    10
       Potion            |       |     5 |     2 ||     7
  Eat: Chunk             |     1 |     3 |       ||     4
       Ration            |       |     2 |       ||     2
Armor: Scale mail        |    48 |       |       ||    48
       Chain mail        |    65 |   166 |    23 ||   254
       Skin              |       |     2 |     3 ||     5
Dodge: Dodged            |    93 |    88 |    12 ||   193

Table legend:
 A = Spawn XP
 B = Non-spawn XP
 C = Spawn XP percentage of total XP
 D = Spawn monster count
 E = Non-spawn monster count
 F = Spawn count percentage of total count
 G = Total turns spent on level
                    A         B        C        D         E        F      G
               +---------+---------+-------+---------+---------+-------+---------
         Total |       0 |     859 |   0.0 |       0 |      81 |   0.0 |  3820
               +---------+---------+-------+---------+---------+-------+---------
           D:1 |       0 |      33 |   0.0 |       0 |      19 |   0.0 |   739
           D:2 |       0 |     148 |   0.0 |       0 |      21 |   0.0 |   809
           D:3 |       0 |      25 |   0.0 |       0 |      10 |   0.0 |   700
           D:4 |       0 |     653 |   0.0 |       0 |      31 |   0.0 |  1572
               +---------+---------+-------+---------+---------+-------+---------
